 Dungeon Crawl Stone Soup version 0.25-a0-589-g1e14c549ee (webtiles) character file.

Game seed: 1735209031388900414, levelgen mode: deterministic

6388 imvegan the Grappler (level 10, -3/96 HPs)
             Began as a Troll Transmuter on Mar 11, 2020.
             Was a Believer of Wu Jian.
             Slain by a troll (11 damage)
             ... on level 10 of the Dungeon.
             The game lasted 00:23:24 (8024 turns).

imvegan the Grappler (Troll Transmuter)             Turns: 8024, Time: 00:23:26

Health: -3/96      AC:  9    Str: 25    XL:     10   Next: 66%
Magic:  10/10      EV:  9    Int: 12    God:    Wu Jian [**....]
Gold:   544        SH:  2    Dex: 15    Spells: 5/11 levels left

rFire    . . .     SeeInvis .     - Unarmed
rCold    . . .     Gourm    +   (no shield)
rNeg     . . .     Faith    .   z - +0 steam dragon scales
rPois    .         Spirit   .   (helmet restricted)
rElec    .         Reflect  +   (no cloak)
rCorr    .         Harm     .   (gloves unavailable)
MR       .....                  (boots unavailable)
Stlth    +.........             u - +2 amulet of reflection
HPRegen  0.66/turn              r - +5 ring of dexterity
MPRegen  0.12/turn              C - +5 ring of strength

@: drained
A: large, unfitting armour, claws 3, fast metabolism 3, gourmand, regeneration
1, shaggy fur 1, tough skin 3
a: Wall Jump, Renounce Religion


You were on level 10 of the Dungeon.
You worshipped Wu Jian.
Wu Jian was pleased with you.
You were not hungry.

You visited 2 branches of the dungeon, and saw 11 of its levels.

You collected 619 gold pieces.
You spent 75 gold pieces at shops.

Inventory:

Missiles
 a - 161 arrows
 n - 6 atropa-tipped darts (quivered)
 x - 14 poisoned darts
Armour
 p - a +0 kite shield
 z - +0 steam dragon scales (worn)
 D - a +0 robe of the Archmagi
Jewellery
 m - an uncursed ring of resist corrosion
 r - a +5 ring of dexterity (left claw)
 u - a +2 amulet of reflection (around neck)
 v - the amulet of the Air {Inacc +Fly rElec EV+5 RMsl}
   (You found it on level 4 of the Dungeon)

   [amulet of inaccuracy]

   It reduces the accuracy of all your attacks.
   It affects your evasion (+5).
   It insulates you from electricity.
   It lets you fly.
   It protects you from missiles.
 B - an uncursed ring of see invisible
 C - a +5 ring of strength (right claw)
Wands
 A - a wand of flame (28)
 E - a wand of acid (7)
 G - a wand of digging (6)
Scrolls
 c - 8 scrolls of identify {unknown}
 g - 3 scrolls of teleportation {unknown}
 h - 2 scrolls of random uselessness {unknown}
 i - 3 scrolls of blinking {unknown}
 k - 3 scrolls of immolation {unknown}
 o - 3 scrolls of magic mapping {unknown}
 s - 6 scrolls of remove curse
 w - 2 scrolls of fear {unknown}
 y - 2 scrolls of noise {unknown}
 F - 2 scrolls of amnesia {unknown}
Potions
 b - a potion of flight
 e - a potion of stabbing
 f - a potion of haste {unknown}
 j - a potion of brilliance
 q - 3 potions of curing
 t - 2 potions of berserk rage
Comestibles
 d - 11 rations


   Skills:
 - Level 5.3(4.6) Fighting
 - Level 1.5(0.9) Dodging
 + Level 6.2(5.5) Shields
 - Level 11.3(10.5) Unarmed Combat
 - Level 1.2(0.6) Spellcasting
 - Level 5.3(4.6) Transmutations


You had 5 spell levels left.
You knew the following spells:

 Your Spells              Type           Power        Failure   Level  Hunger
a - Beastly Appendage     Tmut           ##....       4%          1    ##.....
b - Sticks to Snakes      Tmut           ##......     7%          2    ###....
c - Spider Form           Tmut/Pois      #.........   36%         3    ####...

Your spell library contained the following spells:

 Spells                   Type           Power        Failure   Level  Hunger
 Corona                   Hex            #......      32%         1    ##.....
 Magic Dart               Conj           #...         32%         1    ##.....
 Blink                    Tloc           N/A          43%         2    ###....
 Call Imp                 Summ           #.......     43%         2    ###....
 Ensorcelled Hibernation  Hex/Ice        #.....       43%         2    ###....
 Slow                     Hex            #.......     43%         2    ###....
 Confusing Touch          Hex            #.......     67%         3    ####...
 Conjure Flame            Conj/Fire      #.......     67%         3    ####...
 Dazzling Flash           Conj/Hex       #.....       67%         3    ####...
 Mephitic Cloud           Conj/Pois/Air  #.......     67%         3    ####...
 Tukima's Dance           Hex            #.......     67%         3    ####...
 Ice Form                 Ice/Tmut       #.......     77%         4    #####..
 Blade Hands              Tmut           ##........   78%         5    ######.


Dungeon Overview and Level Annotations

Branches:
Dungeon (10/15)            Temple (1/1) D:5             Orc (0/2) D:10
   Lair: D:8-11

Altars:
Ashenzari
Cheibriados
Dithmenos
Elyvilon
Fedhas
Gozag
Hepliaklqana
Kikubaaqudgha
Makhleb
Nemelex Xobeh
Okawaru
Qazlal
Ru
Sif Muna
Trog
Uskayaw
Vehumet
Wu Jian
Xom
Yredelemnul
Zin
The Shining One
Beogh

Shops:
D:5 *

Annotations:
D:8 3 runed translucent doors, lis82's ghost, novice SpEE
D:9 1 runed translucent door, Zarkath's ghost, novice DDNe


Innate Abilities, Weirdness & Mutations

You are too large for most types of armour.
You have claws for hands.
Your metabolism is lightning-fast.
You like to eat raw meat.
Your natural rate of healing is unusually fast.
You are covered in fur. (AC +1)
You have extremely tough skin. (AC +3)


Message History

The troll claws you but does no damage.
Items here: %%% [ ÷÷÷ You spin and attack the troll.
You scratch the troll.
The troll is moderately wounded.
The troll bites you but does no damage. The troll claws you but does no damage.
The troll claws you.
Unknown command.
You lunge at the troll.
You claw the troll!
The troll is heavily wounded.
The troll barely misses you. The troll claws you! The troll claws you.
* * * LOW HITPOINT WARNING * * *
Unknown command.
You claw the troll!
The troll is severely wounded.
The troll bites you!
* * * LOW HITPOINT WARNING * * *
The troll claws you!
* * * LOW HITPOINT WARNING * * *
The troll claws you!
You die...

##...#### #.....≈≈≈≈≈
###.## #.....≈≈≈≈≈
#...# #.....≈≈≈≈≈
#...#######....≈≈≈≈≈
####..............≈≈≈≈≈
#.........###.....≈≈≈≈≈
#.................≈≈≈≈≈
#.........####....≈####
####..@#### .....≈# #
#..T######.....≈# #
#.......[......≈# #
#####.#####....≈##+#
#.# ...≈≈≈.≈ #.#
..T...K #.# .≈≈≈.≈ #.#
≈≈#+# #.# ≈


You could see a troll.

Vanquished Creatures
  An unseen horror (D:10)
  A deep troll (D:10)
  A centaur zombie (D:10)
  Maggie (D:6)
  3 trolls (D:10)
  Prince Ribbit (D:6)
  3 yaks (D:10)
  Duvessa (D:6)
  A water moccasin (D:7)
  2 orc warriors (D:10)
  3 ice beasts
  A sky beast (D:8)
  A black bear (D:7)
  A phantom (D:4)
  4 ogres
  2 necrophages
  A centaur (D:9)
  A bullfrog (D:9)
  Dowan (D:6)
  2 scorpions
  4 electric eels (D:10)
  5 howler monkeys
  2 crimson imps
  A quasit (D:9)
  4 hounds
  A gnoll shaman (D:6)
  6 orc priests
  3 jellies
  5 orc wizards
  3 centaur skeletons
  2 iguanas
  9 worker ants
  A killer bee zombie (D:5)
  A hound skeleton (D:9)
  11 adders
  9 gnolls
  A howler monkey skeleton (D:6)
  4 shadow imps
  3 oozes
  3 adder skeletons
  2 worms
  4 dart slugs
  5 leopard geckos
  26 orcs
  4 giant cockroaches
  5 goblins
  8 hobgoblins
  6 jackals
  4 quokkas
  A ball python (D:2)
  5 bats
  5 frilled lizards
  A giant cockroach zombie (D:5)
  3 goblin skeletons (D:8)
  A hobgoblin zombie (D:8)
  15 kobolds
  2 kobold zombies (D:8)
  3 orc skeletons (D:8)
  An orc zombie (D:8)
  7 rats
218 creatures vanquished.

Vanquished Creatures (others)
  2 fungi (D:9)
  8 plants
10 creatures vanquished.

Grand Total: 228 creatures vanquished

Notes
Turn   | Place    | Note
-------+----------+-------------------------------------------
     0 | D:1      | imvegan the Troll Transmuter began the quest for the Orb.
     0 | D:1      | Reached XP level 1. HP: 18/18 MP: 1/1
   142 | D:1      | Reached XP level 2. HP: 22/26 MP: 2/2
   156 | D:1      | Learned a level 2 spell: Sticks to Snakes
   334 | D:1      | Reached skill level 4 in Unarmed Combat
   378 | D:1      | Reached XP level 3. HP: 31/32 MP: 3/3
   637 | D:2      | Noticed a +0 hand axe
   637 | D:2      | Noticed a +0 dagger
   653 | D:2      | Found a hide-covered altar of Uskayaw.
   780 | D:2      | Reached skill level 5 in Unarmed Combat
   780 | D:2      | Reached XP level 4. HP: 33/40 MP: 4/4
  1330 | D:3      | Reached XP level 5. HP: 33/46 MP: 5/5
  1335 | D:3      | Reached skill level 6 in Unarmed Combat
  1857 | D:3      | Reached XP level 6. HP: 54/54 MP: 6/6
  2118 | D:4      | Reached skill level 7 in Unarmed Combat
  2298 | D:4      | Found the amulet of the Air {Inacc +Fly rElec EV+5 RMsl}
  2378 | D:4      | Reached skill level 8 in Unarmed Combat
  2378 | D:4      | Reached XP level 7. HP: 61/61 MP: 7/7
  2543 | D:4      | Found a snail-covered altar of Cheibriados.
  2606 | D:4      | Found an iron altar of Okawaru.
  2656 | D:4      | Reached skill level 9 in Unarmed Combat
  2777 | D:5      | Entered Level 5 of the Dungeon
  2801 | D:5      | Found Agur's General Store.
  2814 | D:5      | Bought a potion of berserk rage for 75 gold pieces
  2968 | D:5      | Found a staircase to the Ecumenical Temple.
  3295 | Temple   | Entered the Ecumenical Temple
  3367 | Temple   | Became a worshipper of the Wu Jian Council
  3767 | D:5      | Found a shimmering blue altar of Sif Muna.
  3795 | D:6      | Reached XP level 8. HP: 68/68 MP: 8/8
  3916 | D:6      | Noticed Dowan
  3917 | D:6      | Noticed Duvessa
  3924 | D:6      | Killed Duvessa
  3935 | D:6      | Killed Dowan
  3965 | D:6      | Learned a level 3 spell: Spider Form
  4015 | D:6      | Noticed Prince Ribbit
  4024 | D:6      | Killed Prince Ribbit
  4024 | D:6      | Reached skill level 5 in Transmutations
  4049 | D:6      | Found Bapi's Weapon Shop.
  4090 | D:6      | Reached skill level 1 in Fighting
  4090 | D:6      | Noticed Maggie
  4095 | D:6      | Reached * piety under Wu Jian
  4122 | D:6      | Found a shimmering blue altar of Sif Muna.
  4138 | D:6      | Killed Maggie
  4293 | D:6      | Reached XP level 9. HP: 84/84 MP: 9/9
  4912 | D:7      | Found a blossoming altar of Fedhas.
  4914 | D:7      | Found an ancient bone altar of Kikubaaqudgha.
  4982 | D:7      | Reached skill level 5 in Fighting
  4983 | D:7      | Found a shimmering altar of Xom.
  5484 | D:8      | Found a glowing golden altar of the Shining One.
  5791 | D:8      | Found a runed translucent gate.
  5792 | D:8      | Found a runed translucent gate.
  5793 | D:8      | Found a runed translucent gate.
  5798 | D:8      | Noticed lis82's ghost (novice SpEE)
  5798 | D:8      | Noticed a nine-headed hydra
  6172 | D:9      | Reached ** piety under Wu Jian
  6198 | D:9      | Found a runed translucent door.
  6199 | D:9      | Noticed a polar bear
  6202 | D:9      | Identified the +3 spear of Psychosis {freeze, Str+4 Int+3}
  6204 | D:9      | Noticed Zarkath's ghost (novice DDNe)
  6316 | D:9      | Paralysed by fainting for 5 turns
  6349 | D:9      | Reached skill level 10 in Unarmed Combat
  6889 | D:9      | Found an opulent altar of Gozag.
  7192 | D:10     | Entered Level 10 of the Dungeon
  7275 | D:10     | Paralysed by fainting for 9 turns
  7337 | D:10     | Reached skill level 11 in Unarmed Combat
  7387 | D:10     | Reached XP level 10. HP: 56/96 MP: 10/10
  7461 | D:10     | Noticed a deep troll
  7560 | D:10     | Found a staircase to the Orcish Mines.
  7565 | D:10     | Reached skill level 1 in Shields
  7577 | D:10     | Found a roughly hewn altar of Beogh.
  7808 | D:10     | Noticed a deep troll
  7819 | D:10     | Killed a deep troll
  7840 | D:10     | Noticed an unseen horror
  7846 | D:10     | Killed an unseen horror
  7846 | D:10     | Reached skill level 5 in Shields
  8024 | D:10     | Slain by a troll

Levels and vault maps discovered:
D:1:      dpeg_arrival_leaves_temple_mockup, layout_loops_ring
D:2:      layout_rooms, dancing_weapons_uskayaw, kennysheep_generic_room_3
D:3:      layout_loops_ring, first_ration, lightli_corner_chamber
D:4:      layout_gridville, okawaru_trees_1, kennysheep_slug_shrine, st_stairs_2
D:5:      layout_loops_cross, lemuel_coloured_pillars_altar,
          lemuel_temple_firewalk_b, serial_shops, shop_coins,
          chequers_serial_rivers_small_3
D:6:      layout_loops_ring, serial_shops, shop, lemuel_blue_sif_altar,
          uniq_prince_ribbit1, uniq_duvessa, uniq_maggie
D:7:      layout_gridville, grunt_temple_overflow_growth_and_decay,
          xom_teletrap_fun
D:8:      layout_loops_ring, nicolae_tso_besieged_by_evil,
          gammafunk_ghost_hydra_chop
D:9:      layout_layer_cave, grunt_gozag_breadcrumbs,
          ebering_ghost_funeral_grove
D:10:     lemuel_troll_bridge, layout_loops_ring, lair_entry_dummy,
          minmay_orc_entry_temple_small, serial_shops, nicolae_shop_crystal
Temple:   dshaligram_water_room_temple

Skill      XL: |  1  2  3  4  5  6  7  8  9 10 |
---------------+-------------------------------+-----
Unarmed Combat | 4 5 6 8 9 11 | 11.3
Transmutations | 3 5 |  5.3
Fighting       | 3 5 |  5.3
Shields        | 6 |  6.2
Dodging        | |  1.5
Spellcasting   | |  1.2

Action                   |  1- 3 |  4- 6 |  7- 9 | 10-12 || total
-------------------------+-------+-------+-------+-------++-------
Melee: Unarmed           |   117 |   133 |   323 |   105 ||   678
       Punch             |       |     3 |    10 |     6 ||    19
       Kick              |       |       |       |     7 ||     7
Throw: Dart              |       |       |     2 |       ||     2
 Cast: Beastly Appendage |       |       |     2 |     1 ||     3
Invok: Lunge             |       |       |    29 |    18 ||    47
       Whirlwind         |       |       |     7 |    22 ||    29
  Use: Potion            |       |       |     3 |     6 ||     9
       Scroll            |       |       |     1 |       ||     1
 Stab: Sleeping          |     1 |     2 |     2 |       ||     5
  Eat: Chunk             |    13 |    14 |    33 |     4 ||    64
       Ration            |       |       |     3 |       ||     3
Armor: Robe              |    56 |    26 |    36 |       ||   118
       Skin              |       |       |    12 |       ||    12
       Steam dragon scal |       |       |    50 |    27 ||    77
Dodge: Dodged            |    67 |    62 |   111 |    41 ||   281
       Deflected         |       |       |     1 |       ||     1
Block: Other             |       |       |     5 |     7 ||    12
       Reflection        |       |       |       |     1 ||     1

Table legend:
 A = Non-vault XP
 B = Vault XP
 C = Vault XP percentage of total XP
 D = Non-vault monster count
 E = Vault monster count
 F = Vault count percentage of total count
                 A         B        C        D         E       F
            +---------+---------+-------+---------+---------+-------
      Total |    5620 |    3506 |  38.4 |     188 |      30 |  13.8
            +---------+---------+-------+---------+---------+-------
        D:1 |      49 |       0 |   0.0 |      23 |       0 |   0.0
        D:2 |     130 |       0 |   0.0 |      27 |       0 |   0.0
        D:3 |     206 |       0 |   0.0 |      32 |       0 |   0.0
        D:4 |     681 |      12 |   1.7 |      22 |       3 |  12.0
        D:5 |     328 |       0 |   0.0 |      15 |       0 |   0.0
        D:6 |     666 |     911 |  57.8 |      23 |       4 |  14.8
        D:7 |     519 |       0 |   0.0 |       8 |       0 |   0.0
        D:8 |     472 |      21 |   4.3 |       6 |      11 |  64.7
        D:9 |     422 |       0 |   0.0 |       8 |       0 |   0.0
       D:10 |    2147 |    2562 |  54.4 |      24 |      12 |  33.3
            +---------+---------+-------+---------+---------+-------
